 Dungeon Crawl Stone Soup version 0.21.1-1-g345015f (webtiles) character file.

27 vatarom the Caller (level 2, -3/15 HPs)
             Began as a Deep Elf Summoner on Mar 30, 2018.
             Slain by a hound (5 damage)
             ... on level 2 of the Dungeon.
             The game lasted 00:06:50 (1586 turns).

vatarom the Caller (Deep Elf Summoner)              Turns: 1586, Time: 00:06:51

Health: -3/15      AC:  4    Str:  5    XL:     2   Next: 93%
Magic:  0/8        EV: 13    Int: 19    God:
Gold:   66         SH:  0    Dex: 15    Spells: 5/8 levels left

rFire    . . .     SeeInvis .   e - +0 whip
rCold    . . .     Gourm    .   (no shield)
rNeg     . . .     Faith    .   a - +0 robe
rPois    .         Spirit   .   (no helmet)
rElec    .         Reflect  .   (no cloak)
rCorr    .         Harm     .   l - +1 pair of gloves
MR       .....                  (no boots)
Stlth    ++........             (no amulet)
HPRegen  0.05/turn              (no ring)
MPRegen  0.11/turn              (no ring)

@: no status effects
A: no striking features
a: no special abilities


You were on level 2 of the Dungeon.
You were hungry.

You visited 1 branch of the dungeon, and saw 2 of its levels.

You collected 66 gold pieces.

Inventory:

Hand Weapons
 e - a +0 whip (weapon)
Armour
 a - a +0 robe (worn)
 l - a +1 pair of gloves (worn)
Potions
 d - a potion of agility {unknown}
 g - 2 potions of heal wounds {unknown}
 h - 2 potions of cancellation
 i - a potion of flight {unknown}
 j - 2 potions of magic {unknown}
 k - a potion of berserk rage {unknown}
Books
 b - a book of Callings

   Spells                             Type                      Level
   a - Summon Small Mammal            Summoning                    1
   b - Call Imp                       Summoning                    2
   c - Call Canine Familiar           Summoning                    3
   d - Summon Guardian Golem          Hexes/Summoning              3
   e - Summon Lightning Spire         Summoning/Air                4
   f - Summon Ice Beast               Ice/Summoning                4
Comestibles
 c - 3 rations


   Skills:
 + Level 0.1 Maces & Flails
 + Level 2.6 Dodging
 + Level 2.4 Stealth
 + Level 3.6 Spellcasting
 + Level 5.0 Summonings


You had 5 spell levels left.
You knew the following spells:

 Your Spells              Type           Power        Failure   Level  Hunger
a - Summon Small Mammal   Summ           ###.         1%          1    None
b - Call Imp              Summ           ###.....     2%          2    ##.....


Dungeon Overview and Level Annotations

Branches:
Dungeon (2/15)

Altars:


Message History

Your crimson imp completely misses the hound.
Unknown command.
You closely miss the hound.
The hound is moderately wounded.
The hound bites you.
* * * LOW HITPOINT WARNING * * *
Your white imp gestures at the hound.
The puff of frost hits the hound.
Your crimson imp hits the hound.
The hound barely misses your crimson imp.
You closely miss the hound.
The hound is almost dead.
The hound bites you.
* * * LOW HITPOINT WARNING * * *
Your white imp hits the hound but does no damage.
Your crimson imp blinks!
Unknown command.
You closely miss the hound.
The hound is almost dead.
The hound bites you.
You die...

#. #.h
#.##..#
#.....#
#....# #
#.†..#
##.#.#.5.#
.......5##
####..5.h#
#####@#
#.# ..#
####


You could see a hound, a friendly crimson imp, a friendly white imp and a
friendly shadow imp.

Vanquished Creatures
  A kobold (D:1)
  2 bats (D:1)
  3 frilled lizards (D:1)
6 creatures vanquished.

Vanquished Creatures (collateral kills)
  A gnoll (D:1)
  An adder (D:2)
  A dart slug (D:1)
  2 bats (D:1)
  2 goblins (D:1)
  2 frilled lizards (D:1)
  7 kobolds (D:1)
  2 rats (D:1)
18 creatures vanquished.

Grand Total: 24 creatures vanquished

Notes
Turn   | Place    | Note
-------+----------+-------------------------------------------
     0 | D:1      | vatarom the Deep Elf Summoner began the quest for the Orb.
     0 | D:1      | Reached XP level 1. HP: 10/10 MP: 6/6
     0 | D:1      | Noticed a human
     0 | D:1      | Noticed a felid
     0 | D:1      | Noticed an elf
     1 | D:1      | Noticed a felid
     3 | D:1      | Noticed a spriggan
     3 | D:1      | Noticed a vampire
     7 | D:1      | Noticed a dwarf
    10 | D:1      | Noticed an octopode
    12 | D:1      | Noticed a vine stalker
    12 | D:1      | Noticed a centaur
    14 | D:1      | Noticed a troll
    16 | D:1      | Noticed a human
    18 | D:1      | Noticed an octopode
    18 | D:1      | Noticed a dwarf
    20 | D:1      | Noticed a vine stalker
   177 | D:1      | Reached XP level 2. HP: 5/15 MP: 6/8
   191 | D:1      | Learned a level 2 spell: Call Imp
  1132 | D:1      | Reached skill level 5 in Summonings
  1586 | D:2      | Slain by a hound

Skill      XL: |  1  2 |
---------------+-------+-----
Summonings     | 5 |  5.0
Maces & Flails | |  0.1
Dodging        | |  2.6
Stealth        | |  2.4
Spellcasting   | |  3.6

Action                   || total
-------------------------++-------
Melee: Unarmed           ||     5
       Whip              ||    21
 Cast: Summon Small Mamm ||     9
       Call Imp          ||    24
  Use: Scroll            ||     3
 Stab: Distracted        ||     1
  Eat: Chunk             ||     2
Armor: Robe              ||     9
Dodge: Dodged            ||    37
